 Dungeon Sprint DCSS version 0.29.1-15-g9cfb28693d (webtiles) character file.

Game seed: 7575476578178688195

12952 Groucho the Imperceptible (level 11, -4/62 HPs)
             Began as a Felid Fighter on Apr 6, 2023.
             Was the Champion of Uskayaw.
             Slain by a sun demon (19 damage)
             ... summoned by an orc high priest
             ... in the Dungeon (Sprint IX: "|||||||||||||||||||||||||||||").
             The game lasted 00:07:47 (5024 turns).

Groucho the Imperceptible (Felid Fighter)           Turns: 5024, Time: 00:07:47

Health: -4/62      AC:  6    Str: 16    XL:     11   Next: 69%
Magic:  21/23      EV: 31    Int: 10    God:    Uskayaw [******]
Gold:   1261       SH:  0    Dex: 16    Spells: 10/10 levels left
                                        Lives:  0   Deaths: 2

rFire   . . .      SeeInvis +     - Unarmed
rCold   . . .      Faith    .   (shield unavailable)
rNeg    . . .      Spirit   .   (body armour unavailable)
rPois   .          Reflect  .   (helmet unavailable)
rElec   .          Harm     .   (cloak unavailable)
rCorr   .          Rampage  .   (gloves unavailable)
Will    +....      NoTele   +   (boots unavailable)
Stlth   ++++++++..              (no amulet)
HPRegen 0.20/turn               k - +2 ring of protection
MPRegen 0.18/turn               l - +2 ring of protection

@: quick
A: very small, claws 1, fangs 3, see invisible, speed 1, shaggy fur 2, stealthy
paws, no weapons or thrown items, no armour, multi-lived
a: Renounce Religion, Stomp, Line Pass, Grand Finale


You were in the Dungeon.
You worshipped Uskayaw.
Uskayaw was pleased with you.
You visited 1 branch You collected 1261 gold pieces.

Inventory:

Jewellery
 k - a +2 ring of protection (left paw)
 l - a +2 ring of protection (right paw)
 o - a ring of flight
Wands
 j - a wand of iceblast (10)
Scrolls
 d - 2 scrolls of fear
 g - 3 scrolls of blinking
 i - 2 scrolls of amnesia
 m - 2 scrolls of butterflies
 n - a scroll of identify
Potions
 a - 3 potions of might
 b - a potion of haste
 e - 4 potions of magic
 f - 4 potions of berserk rage
 h - 3 potions of curing


   Skills:
 + Level 15.9 Fighting
 + Level 20.2 Dodging
 + Level 21.4 Stealth
 + Level 16.1 Unarmed Combat
 + Level 15.6 Invocations


You had 10 spell levels left.
You didn't know any spells.
Your spell library contained the following spells:

 Spells                   Type           Power      Damage    Failure   Level
 Sting                    Tmut/Pois      0%         1d3       36%         1
 Poisonous Vapours        Pois/Air       0%         N/A       50%         2
 Olgreb's Toxic Radiance  Pois           0%         N/A       98%         4


Dungeon Overview and Level Annotations

Branches:
Dungeon (1/1)

Altars:
Cheibriados
Dithmenos
Elyvilon
Fedhas
Gozag
Hepliaklqana
Kikubaaqudgha
Makhleb
Nemelex Xobeh
Okawaru
Qazlal
Ru
Sif Muna
Trog
Uskayaw
Vehumet
Wu Jian
Xom
Yredelemnul
Zin
The Shining One
Jiyva
Lugonu

Shops:
D [?==


Innate Abilities, Weirdness & Mutations

You have sharp claws.
You have razor-sharp teeth.
You have supernaturally acute eyesight. (SInv)
You cover ground quickly. (Speed+)
You are covered in thick fur. (AC +2)
Your paws help you pounce on unaware monsters.
You are incapable of wielding weapons or throwing items.
You cannot wear armour.
You gain extra lives every three experience levels.


Message History

The orc high priest is almost dead.
The orc high priest misses you.
The orc high priest mumbles some strange prayers to Beogh.
An orc knight comes into view. It is wielding a +0 battleaxe.
The orc knight shouts!
You claw the orc high priest!
You kill the orc high priest!
The orc high priest prays to Beogh.
You claw the sun demon! Your bite misses the sun demon.
The sun demon is lightly wounded.
Unknown command.
Aiming: Line Pass
Press: ? - help, Dir - move target You can't see that place. [Stash: 50 gold pieces] [the floor.]
Okay, then.
You barely miss the sun demon. You claw the sun demon!
The sun demon is moderately wounded.
The sun demon completely misses you.
Unknown command.
You closely miss the sun demon. You claw the sun demon!
The sun demon is moderately wounded.
The sun demon hits you!
You are engulfed in flames!
Unknown command.
You scratch the sun demon.
You bite the sun demon, but do no damage.
The sun demon is heavily wounded.
The sun demon completely misses you.
The orc knight roars a battlecry!
The orc knight goes into a battle-frenzy!
You barely miss the sun demon.
The sun demon is heavily wounded.
The sun demon completely misses you.
You closely miss the sun demon.
The sun demon is heavily wounded.
The sun demon hits you!!
* * * LOW HITPOINT WARNING * * *
You are engulfed in flames!!
You die...

....')...[['..[[[.)..'___________
▓▓▓▓▓▓▓▓▓▓▓▓▓▓▓▓▓▓▓▓▓▓▓▓▓▓▓▓▓▓▓▓▓
......)..........................
▓▓▓▓▓▓▓▓▓▓▓▓▓▓▓▓▓▓▓▓▓▓▓▓▓▓▓▓▓▓▓▓▓
..[[[[..'.)......÷.÷÷'.........'.
▓▓▓▓▓▓▓▓▓▓▓▓▓▓▓▓▓▓▓▓▓▓▓▓▓▓▓▓▓▓▓▓▓
...............................[.
▓▓▓▓▓▓▓▓▓▓▓▓▓▓▓▓▓▓▓▓▓▓▓▓▓▓▓▓▓▓▓▓▓
o$ooo44o3@)$)))'...)......
▓▓▓▓▓▓▓▓▓▓▓▓▓▓▓▓▓▓▓▓▓▓▓▓▓▓
▓▓▓▓▓▓▓▓▓▓▓▓▓


.ZC.'))CpZRDD ▓▓▓▓▓▓▓▓▓▓▓▓▓▓▓▓▓▓▓▓▓▓▓▓▓▓▓▓▓▓▓▓▓
...........D†..R................. ▓▓▓▓▓▓▓▓▓▓▓▓▓▓▓▓▓▓▓▓▓▓▓▓▓▓▓▓▓▓▓▓▓ You could
see 3 orc knights, an orc high priest (strong), a sun demon (summoned), an ice
devil (summoned) and a rust devil (summoned).

Vanquished Creatures
  A sphinx (D)
  A stone giant (D)
  An eleionoma (D)
  2 ettins (D)
  A catoblepas (D)
  A hydra (D)
  A centaur warrior (D)
  6 death yaks (D)
  Urug (D)
  A tengu warrior (D)
  6 orc high priests (D)
  3 spriggan druids (D)
  2 swamp dragons (D)
  A necromancer (D)
  5 orc knights (D)
  5 cane toads (D)
  2 rime drakes (D)
  A komodo dragon (D)
  A troll (D)
  A polar bear (D)
  2 slime creatures (D)
  3 tyrant leeches (D)
  A hornet (D)
  A blink frog (D)
  A shadow (D)
  A spriggan (D)
  A basilisk (D)
  5 yaks (D)
  A steam dragon (D)
  A vampire mosquito (D)
  A redback (D)
  An acid dragon (D)
  4 water moccasins (D)
  10 orc warriors (D)
  A centaur (D)
  A killer bee (D)
  2 orc priests (D)
  An iguana (D)
  An adder (D)
  A dart slug (D)
  11 orcs (D)
  A goblin (D)
  A jackal (D)
  A quokka (D)
  A bat (D)
  A rat (D)
99 creatures vanquished.

Vanquished Creatures (collateral kills)
  A hornet (D)
1 creature vanquished.

Grand Total: 100 creatures vanquished

Notes
Turn   | Place    | Note
-------+----------+-------------------------------------------
     0 | D        | Groucho the Felid Fighter began the quest for the Orb.
     0 | D        | Reached XP level 1. HP: 10/10 MP: 2/2
     9 | D        | Reached skill level 1 in Stealth
    14 | D        | Reached skill level 1 in Invocations
    20 | D        | Noticed an iguana
    28 | D        | Killed an iguana
    29 | D        | Reached skill level 5 in Dodging
    29 | D        | Reached skill level 3 in Stealth
    29 | D        | Reached XP level 2. HP: 8/15 MP: 2/4
    29 | D        | Reached XP level 3. HP: 10/18 MP: 2/5
    40 | D        | Reached skill level 4 in Stealth
    40 | D        | Reached skill level 5 in Unarmed Combat
    46 | D        | Found a snail-covered altar of Cheibriados.
    46 | D        | Found a shadowy altar of Dithmenos.
    46 | D        | Found a white marble altar of Elyvilon.
    46 | D        | Found a blossoming altar of Fedhas.
    46 | D        | Found an opulent altar of Gozag.
    47 | D        | Found a hazy altar of Hepliaklqana.
    48 | D        | Found a viscous altar of Jiyva.
    49 | D        | Found an ancient bone altar of Kikubaaqudgha.
    50 | D        | Found a corrupted altar of Lugonu.
    51 | D        | Found a burning altar of Makhleb.
    52 | D        | Found a sparkling altar of Nemelex Xobeh.
    53 | D        | Found an iron altar of Okawaru.
    54 | D        | Found a stormy altar of Qazlal.
    55 | D        | Found a sacrificial altar of Ru.
    56 | D        | Found a shimmering blue altar of Sif Muna.
    57 | D        | Found a bloodstained altar of Trog.
    58 | D        | Found a hide-covered altar of Uskayaw.
    59 | D        | Found a radiant altar of Vehumet.
    60 | D        | Found an ornate altar of the Wu Jian Council.
    61 | D        | Found a shimmering altar of Xom.
    62 | D        | Found a basalt altar of Yredelemnul.
    63 | D        | Found a glowing silver altar of Zin.
    64 | D        | Found a glowing golden altar of the Shining One.
    72 | D        | Became a worshipper of Uskayaw the Reveller
   415 | D        | Noticed a centaur
   415 | D        | Noticed a killer bee
   415 | D        | Noticed a hornet
   415 | D        | Noticed a shadow
   415 | D        | Noticed an acid dragon
   415 | D        | Noticed a steam dragon
   417 | D        | Killed a steam dragon
   417 | D        | Reached * piety under Uskayaw
   418 | D        | Reached skill level 5 in Fighting
   418 | D        | Reached skill level 6 in Stealth
   418 | D        | Reached XP level 4. HP: 24/24 MP: 6/8
   418 | D        | Reached XP level 5. HP: 27/27 MP: 6/9
   420 | D        | Reached ** piety under Uskayaw
   422 | D        | Killed an acid dragon
   423 | D        | Reached skill level 7 in Stealth
   423 | D        | Reached skill level 5 in Invocations
   423 | D        | Gained mutation: You are covered in thick fur. (AC +2)
                  | [Felid growth]
   423 | D        | Reached XP level 6. HP: 31/31 MP: 6/11
   423 | D        | Reached *** piety under Uskayaw
   424 | D        | Killed a shadow
   424 | D        | Reached **** piety under Uskayaw
   425 | D        | Reached skill level 9 in Stealth
   428 | D        | Killed a hornet
   428 | D        | Reached ***** piety under Uskayaw
   429 | D        | Reached skill level 10 in Dodging
   429 | D        | Reached skill level 10 in Stealth
   429 | D        | Reached XP level 7. HP: 22/36 MP: 6/13
   433 | D        | Noticed a centaur warrior
   433 | D        | Noticed a troll
   433 | D        | Noticed a slime creature
   433 | D        | Noticed a slime creature
   433 | D        | Noticed a vampire mosquito
   433 | D        | Noticed a basilisk
   435 | D        | Killed a basilisk
   437 | D        | Killed a vampire mosquito
   437 | D        | Reached ****** piety under Uskayaw
   438 | D        | Reached skill level 11 in Stealth
   438 | D        | Reached XP level 8. HP: 26/41 MP: 7/14
   439 | D        | Killed a troll
   440 | D        | Killed a centaur warrior
   440 | D        | Killed a slime creature
   441 | D        | Reached skill level 12 in Stealth
   441 | D        | Reached skill level 10 in Unarmed Combat
   441 | D        | Reached XP level 9. HP: 19/46 MP: 7/16
   444 | D        | HP: 1/46 [slime creature (19)]
   449 | D        | Reached skill level 13 in Stealth
   927 | D        | Noticed Urug
   944 | D        | Killed Urug
   945 | D        | Reached skill level 10 in Fighting
  1383 | D        | Noticed a cane toad
  1384 | D        | Noticed a cane toad
  1393 | D        | Reached skill level 10 in Invocations
  1396 | D        | Reached skill level 14 in Stealth
  1396 | D        | Noticed a rime drake
  1397 | D        | Noticed a komodo dragon
  1412 | D        | Killed a rime drake
  1413 | D        | Killed a komodo dragon
  1414 | D        | Reached XP level 10. HP: 45/52 MP: 13/18
  1416 | D        | Killed a cane toad
  1419 | D        | Killed a cane toad
  1420 | D        | Reached skill level 15 in Stealth
  1896 | D        | Noticed a cane toad
  1896 | D        | Noticed a catoblepas
  1896 | D        | Noticed a cane toad
  1897 | D        | Noticed a cane toad
  2225 | D        | Killed a catoblepas
  2226 | D        | Killed a cane toad
  2227 | D        | Reached skill level 15 in Dodging
  2243 | D        | Killed a cane toad
  2245 | D        | Killed a cane toad
  2246 | D        | Reached skill level 16 in Stealth
  2851 | D        | Noticed a death yak
  2851 | D        | Noticed a death yak
  2851 | D        | Noticed a death yak
  2851 | D        | Noticed a death yak
  2851 | D        | Noticed a death yak
  2852 | D        | Noticed a death yak
  2865 | D        | Killed a death yak
  2867 | D        | Killed a death yak
  2868 | D        | Reached XP level 11. HP: 21/57 MP: 19/21
  2877 | D        | Killed a death yak
  2878 | D        | Reached skill level 17 in Stealth
  2890 | D        | Killed a death yak
  2896 | D        | Killed a death yak
  2898 | D        | Killed a death yak
  3503 | D        | Noticed a stone giant
  3516 | D        | Killed a stone giant
  3517 | D        | Reached skill level 18 in Stealth
  3536 | D        | Noticed an orc knight
  3536 | D        | Noticed an orc knight
  3536 | D        | Noticed an orc high priest
  3544 | D        | Killed an orc high priest
  3552 | D        | Slain by an orc knight
  3553 | D        | Reached XP level 10. HP: -3/55 MP: 20/20
  3590 | D        | Noticed a spriggan druid
  3590 | D        | Noticed a spriggan druid
  3590 | D        | Noticed an eleionoma
  3591 | D        | Noticed a spriggan druid
  3592 | D        | Killed an eleionoma
  3609 | D        | Killed a spriggan druid
  3610 | D        | Noticed a swamp dragon
  3612 | D        | Noticed a spriggan rider
  3614 | D        | Noticed a five-headed hydra
  3618 | D        | Killed a spriggan druid
  3619 | D        | Reached XP level 11. HP: 8/60 MP: 13/22
  3621 | D        | Killed a spriggan druid
  3622 | D        | Reached skill level 19 in Stealth
  3624 | D        | Killed a five-headed hydra
  3634 | D        | Killed a swamp dragon
  4080 | D        | Noticed a sphinx
  4080 | D        | Noticed a tengu warrior
  4080 | D        | Noticed an ettin
  4080 | D        | Noticed an ettin
  4080 | D        | Noticed a necromancer
  4080 | D        | Noticed a rakshasa
  4081 | D        | Noticed a fire dragon
  4089 | D        | Killed a sphinx
  4093 | D        | Killed a tengu warrior
  4094 | D        | Reached skill level 15 in Unarmed Combat
  4099 | D        | Killed an ettin
  4100 | D        | Reached skill level 20 in Stealth
  4102 | D        | Noticed an eight-headed hydra
  4102 | D        | HP: 1/60 [ettin (illusionary)/+0 dire flail (36)]
  4432 | D        | Killed an ettin
  4433 | D        | Reached skill level 15 in Fighting
  4442 | D        | Killed a necromancer
  4497 | D        | Mangled by a fire dragon
  4498 | D        | Reached XP level 10. HP: -6/57 MP: 22/22
  4507 | D        | Noticed a swamp dragon
  4519 | D        | Killed a swamp dragon
  4563 | D        | Killed an orc knight
  4564 | D        | Reached XP level 11. HP: 30/61 MP: 19/23
  4757 | D        | Killed an orc knight
  4758 | D        | Reached skill level 15 in Invocations
  4991 | D        | Found Ycilaargh's Jewellery Boutique.
  4991 | D        | Noticed an orc high priest
  4991 | D        | Noticed an orc knight
  4991 | D        | Noticed an orc high priest
  4991 | D        | Noticed an orc knight
  4991 | D        | Noticed an orc high priest
  4992 | D        | Noticed an orc knight
  4995 | D        | Noticed an orc high priest
  4997 | D        | Killed an orc high priest
  4999 | D        | Killed an orc knight
  5000 | D        | Found Yclynul's Jewellery Shop.
  5001 | D        | Killed an orc high priest
  5004 | D        | Found Juninaew's Magic Scroll Boutique.
  5004 | D        | Found Hungut's Armour Shop.
  5004 | D        | Noticed an orc knight
  5004 | D        | Noticed an orc knight
  5004 | D        | Noticed an orc high priest
  5004 | D        | Noticed an orc high priest
  5004 | D        | Killed an orc high priest
  5005 | D        | Reached skill level 21 in Stealth
  5005 | D        | Killed an orc high priest
  5008 | D        | Killed an orc knight
  5012 | D        | Killed an orc knight
  5017 | D        | Noticed an orc knight
  5018 | D        | Killed an orc high priest
  5019 | D        | Noticed a sun demon
  5024 | D        | Slain by a sun demon

Illustrated notes

Levels and vault maps discovered:
D:        linesprint [early_d, line_temple, items_1, d_10, items_2, lair_1,
          lair_end, items_3, orc_1, orc_end, items_4, d_15, swamp_1, shoals_1,
          snake_1, spider_1, d_20, vaults_1, items_5, swamp_end, shoals_end,
          snake_end, spider_end, vaults_end, d_27, items_6, zot_1, zot_end,
          crypt_end, forest_end, elf_end, slime_end, tomb_end, abyss_end,
          pan_hell_end]

Skill      XL: |  1  2  3  4  5  6  7  8  9 10 11 |
---------------+----------------------------------+-----
Stealth        | 3 6 7 10 11 12 14 16 21 | 21.4
Invocations    | 2 4 5 7 9 10 12 15 | 15.6
Fighting       | 4 5 6 7 8 9 11 14 15 | 15.9
Dodging        | 5 7 8 10 11 12 14 16 20 | 20.2
Unarmed Combat | 6 8 10 11 14 16 | 16.1

Action                   |  1- 3 |  4- 6 |  7- 9 | 10-12 || total
-------------------------+-------+-------+-------+-------++-------
Melee: Unarmed           |    29 |     8 |    51 |   234 ||   322
       Punch             |     3 |     1 |     7 |    20 ||    31
       Bite              |     3 |       |     6 |    38 ||    47
Invok: Line Pass         |       |       |     1 |    14 ||    15
  Use: Potion            |     3 |       |     1 |     5 ||     9
       Scroll            |       |       |       |     1 ||     1
 Stab: Sleeping          |     2 |       |     2 |     3 ||     7
       Invisible         |       |     2 |     2 |       ||     4
       Paralysed         |       |     1 |     2 |    19 ||    22
       Confused          |       |       |     1 |     8 ||     9
       Distracted        |       |       |       |     4 ||     4
Armor: Skin              |       |       |     1 |    13 ||    14
Dodge: Dodged            |    17 |     5 |    36 |   157 ||   215
